 Dungeon Crawl Stone Soup version 0.30-a0-748-ge6a52f7cba (webtiles) character file.

Game seed: 3202928722323137262

77 Crownlay the Firebug (level 4, -1/33 HPs)
             Began as a Hill Orc Fire Elementalist on Feb 8, 2023.
             Slain by an adder (2 damage)
             ... on level 2 of the Dungeon.
             The game lasted 00:02:36 (1916 turns).

Crownlay the Firebug (Hill Orc Fire Elementalist)   Turns: 1916, Time: 00:02:37

Health: -1/33      AC:  3    Str: 10    XL:     4   Next: 34%
Magic:  6/6        EV: 12    Int: 17    God:
Gold:   75         SH:  0    Dex: 11    Spells: 0/6 levels left

rFire   . . .      SeeInvis .    f - +1 dagger (elec)
rCold   . . .      Faith    .    (no shield)
rNeg    . . .      Spirit   .    a - +0 robe
rPois   .          Reflect  .    h - +0 helmet
rElec   .          Harm     .    (no cloak)
rCorr   .          Rampage  .    (no gloves)
Will    .....                    (no boots)
Stlth   ++                       (no amulet)
HPRegen 0.25/turn                (no ring)
MPRegen 0.10/turn                (no ring)

@: lethally poisoned (-1 -> -7), attractive, flying
A: no striking features
a: no special abilities


You were on level 2 of the Dungeon.
You visited 1 branch of the dungeon, and saw 2 of its levels.

You collected 75 gold pieces.

Inventory:

Hand Weapons
 d - a +0 short sword
 f - a +1 dagger of electrocution (weapon)
Armour
 a - a +0 robe (worn)
 h - a +0 helmet (worn)
Scrolls
 c - a scroll of enchant armour {unknown}
 e - a scroll of fog {unknown}
 i - 2 scrolls of teleportation {unknown}
 j - 2 scrolls of identify {unknown}
 m - a scroll of fear {unknown}
Potions
 b - a potion of magic
 l - a potion of lignification {unknown}


   Skills:
 - Level 1.5 Dodging
 - Level 1.5 Stealth
 - Level 1.5 Spellcasting
 - Level 1.0 Conjurations
 + Level 0.1 Translocations
 * Level 5.5 Fire Magic
 + Level 0.0 Air Magic


You couldn't memorise any spells.
You knew the following spells:

 Your Spells              Type           Power      Damage    Failure   Level
a - Foxfire               Conj/Fire      48%        2x1d6     5%          1
b - Scorch                Fire           40%        2d7       3%          2
c - Kindle Blastsparks    Fire/Tloc/Air  14%        2d11      28%         3

Your spell library contained the following spells:

 Spells                   Type           Power      Damage    Failure   Level
 Inner Flame              Hex/Fire       10%        N/A       21%         3
 Cigotuvi's Dreadful Rot  Necr/Pois/Air  2%         N/A       30%         2
 Poisonous Vapours        Pois/Air       2%         N/A       30%         2
 Mephitic Cloud           Conj/Pois/Air  2%         N/A       45%         3
 Flame Wave               Conj/Fire      12%        2d6       47%         4


Dungeon Overview and Level Annotations

Branches:
Dungeon (2/15)

Altars:
Dithmenos


Message History

You are too injured to fight recklessly!
You are too injured to fight recklessly!
You are too injured to fight recklessly!
You are too injured to fight recklessly!
You are too injured to fight recklessly!
You are too injured to fight recklessly!
You are too injured to fight recklessly!
You are too injured to fight recklessly!
You are too injured to fight recklessly!
You are too injured to fight recklessly!
You miss the adder.
The adder is almost dead.
You feel sick. The adder bites you.
You hit the adder but do no damage.
The adder is almost dead.
You feel sick. The adder bites you.
* * * LOW HITPOINT WARNING * * *
You are lethally poisoned!
The adder poisons you!
You closely miss the adder.
The adder is almost dead.
* * * LOW HITPOINT WARNING * * *
You feel sick. The adder closely misses you. The adder misses you.
You barely miss the adder.
The adder is almost dead.
* * * LOW HITPOINT WARNING * * *
You feel sick. The adder bites you but does no damage.
It was a potion of flight.
You feel very buoyant.
You fly up into the air.
* * * LOW HITPOINT WARNING * * *
You feel sick. The adder bites you.
* * * LOW HITPOINT WARNING * * *
You are more poisoned.
The adder poisons you!
It was a potion of attraction.
You feel attractive to monsters.
* * * LOW HITPOINT WARNING * * *
You feel sick. The adder bites you.
You die... #........##...........# #........##...........# #........####...#.#...# #........# #.#...##..# #.(......# .. .. #........# .##.# hh.

#........# ... #h# #.
########.# #S## # #.#
#.
########.#######@.#...#
#.# #.
....................#
#.# #.
......................#
#.# #.
##########.############
#.# #. #...†....#
#†###.
#################.##
#†##..
.................(.#
#....#
.........>.......#.#
#..###
.................#.##
#..###


You could see an adder.

Vanquished Creatures
  3 adders (D:2)
  A worm (D:2)
  2 dart slugs (D:1)
  3 bats (D:1)
  3 endoplasms
  2 giant cockroaches
  5 goblins
  4 hobgoblins
  3 jackals (D:2)
  4 kobolds
  3 quokkas
  3 ball pythons
  4 rats
40 creatures vanquished.

Vanquished Creatures (collateral kills)
  2 foxfires (D:1)
2 creatures vanquished.

Vanquished Creatures (others)
  79 foxfires
79 creatures vanquished.

Grand Total: 121 creatures vanquished

Notes
Turn   | Place    | Note
-------+----------+-------------------------------------------
     0 | D:1      | Crownlay the Hill Orc Fire Elementalist began the quest for
                  | the Orb.
     0 | D:1      | Reached XP level 1. HP: 14/14 MP: 3/3
   178 | D:1      | Reached XP level 2. HP: 15/20 MP: 0/4
   240 | D:1      | Reached skill level 4 in Fire Magic
   970 | D:1      | Reached XP level 3. HP: 26/26 MP: 5/5
  1083 | D:1      | Found a shadowy altar of Dithmenos.
  1450 | D:2      | Reached skill level 5 in Fire Magic
  1576 | D:2      | Reached XP level 4. HP: 31/33 MP: 2/6
  1714 | D:2      | Learned a level 2 spell: Scorch
  1743 | D:2      | Learned a level 3 spell: Kindle Blastsparks
  1916 | D:2      | HP: 1/33 [poisoned by an adder]
  1916 | D:2      | Slain by an adder

Illustrated notes

Levels and vault maps discovered:
D:1:      dpeg_arrival_lava_altar, layout_loops_ring, minmay_misc_feat_iff,
          st_stairs_7
D:2:      layout_basic, minmay_misc_feat_rugged, minmay_tromino_v4_c

Skill      XL: |  1  2  3 |
---------------+----------+-----
Fire Magic     | 4 5 |  5.5
Dodging        | |  1.5
Stealth        | |  1.5
Spellcasting   | |  1.5
Conjurations   | |  1.0
Translocations | |  0.1

Action                     |  1- 3 |  4- 6 || total
---------------------------+-------+-------++-------
  Melee: Unarmed           |     7 |       ||     7
         Short sword       |     1 |       ||     1
         Dagger            |    57 |    34 ||    91
         Punch             |     1 |     1 ||     2
   Cast: Foxfire           |    45 |    12 ||    57
    Use: Potion            |       |     2 ||     2
 Armour: Robe              |    12 |    10 ||    22
  Dodge: Dodged            |    54 |    23 ||    77

Table legend: (Time is in decaauts)
 A = Elapsed time spent in this place.
 B = Non-inter-level travel time spent in this place.
 C = Inter-level travel time spent in this place.
 D = Time resting spent in this place.
 E = Time spent auto-exploring this place.
 F = Levels seen in this place.
 G = Mean time per level.
                   A        B        C        D        E       F      G
               +--------+--------+--------+--------+--------+-----+--------+
         Total |   1914 |   1880 |     34 |      0 |   1576 |   2 |  957.0 |
       Dungeon |   1914 |   1880 |     34 |      0 |   1576 |   2 |  957.0 |
               +--------+--------+--------+--------+--------+-----+--------+

Top non-repeatable levels by time:
     D:1: 1124 daAuts
     D:2: 790 daAuts
